 Dungeon Sprint DCSS version 0.17-a0-1651-gae1a69f (webtiles) character file.

2601 Kidiri the Covert (level 9, -1/39 HPs)
             Began as a Spriggan Enchanter on Aug 14, 2015.
             Was an Elder of Dithmenos.
             Slain by a trapdoor spider (19 damage)
             ... in the Dungeon (Sprint III: "The Ten Rune Challenge").
             The game lasted 00:06:34 (1497 turns).

Kidiri the Covert (Spriggan Enchanter)              Turns: 1497, Time: 00:06:34

Health: -1/39      AC:  3    Str:  4    XL:     9   Next: 33%
Magic:  14/25      EV: 31    Int: 17    God:    Dithmenos [****..]
Gold:   24         SH:  0    Dex: 19    Spells: 5 memorised, 19 levels left

rFire  . . .     SeeInvis +     a - +1 dagger
rCold  . . .     Clarity  .     b - +1 robe
rNeg   . . .     SustAt   .     (shield restricted)
rPois  .         Gourm    .     (helmet restricted)
rElec  .         Spirit   .     (no cloak)
rCorr  .         Warding  .     (gloves unavailable)
rMut   .         NoTele   +     (boots unavailable)
MR     +....                    (no amulet)
Stlth  +++++++++.               (no ring)
                                (no ring)

@: wreathed by umbra, very quick, somewhat resistant to hostile enchantments,
incredibly stealthy
A: unfitting armour, see invisible, herbivore 3, speed 3, slow metabolism 2
a: Shadow Step, Renounce Religion


You were in the Dungeon.
You worshipped Dithmenos.
Dithmenos was greatly pleased with you.
You were not hungry.

You visited 1 branch You collected 24 gold pieces.

Inventory:

Hand weapons
 a - a +1 dagger (weapon)
Missiles
 l - 5 throwing nets (quivered)
Armour
 b - a +1 robe (worn)
Magical devices
 k - a wand of digging (14)
 s - a wand of frost (13)
Scrolls
 j - 2 scrolls of blinking
 q - a scroll of torment
 r - a scroll of fear {unknown}
Potions
 c - a potion of berserk rage
 f - 2 potions of heal wounds
 g - a potion of haste
 h - 2 potions of magic
 i - a potion of might
 o - 2 potions of cure mutation
 p - 4 potions of flight
Comestibles
 d - 2 bread rations
 n - 2 royal jellies


   Skills:
 + Level 7.6 Short Blades
 * Level 13.6 Dodging
 * Level 14.7 Stealth
 * Level 11.8 Spellcasting
 + Level 4.4 Conjurations
 + Level 9.2 Hexes
 + Level 5.4 Ice Magic
 - Level 3.1 Invocations


You had 19 spell levels left.
You knew the following spells:

 Your Spells              Type           Power        Failure   Level  Hunger
a - Corona                Hex            #####..      1%          1    None
b - Ensorcelled Hibernat  Hex/Ice        #####.       1%          2    None
c - Confuse               Hex            #####...     1%          3    None
d - Tukima's Dance        Hex            #####...     1%          3    None
e - Dazzling Spray        Conj/Hex       ####....     1%          3    None


Dungeon Overview and Level Annotations

Branches:
Dungeon (1/1)

Altars:
Cheibriados
Dithmenos
Elyvilon
Fedhas
Gozag
Kikubaaqudgha
Makhleb
Nemelex Xobeh
Okawaru
Qazlal
Ru
Sif Muna
Trog
Vehumet
Xom
Yredelemnul
Zin
The Shining One
Jiyva
Lugonu


Innate Abilities, Weirdness & Mutations

You are tiny and cannot use many weapons and most armour.
You have supernaturally acute eyesight.
You are a herbivore.
You cover ground extremely quickly.
You need consume almost no food.


Message History

You feel better.
The trapdoor spider completely misses you.
Casting: Ensorcelled Hibernation
Confirm with . or Enter, or press ? or * to list all spells.
Aiming: Confuse
Press: ? - help, Shift-Dir - straight line, f/p - trapdoor spider
Aim: a trapdoor spider (black smoke, lightly wounded, umbra, chance to defeat MR: 67%)
The trapdoor spider struggles to resist.
The trapdoor spider completely misses you. x2
Casting: Confuse
Confirm with . or Enter, or press ? or * to list all spells.
Aiming: Dazzling Spray
Press: ? - help, Shift-Dir - straight line, f/p - trapdoor spider
Aim: a trapdoor spider (black smoke, umbra)
The spray of energy hits the trapdoor spider.
The trapdoor spider is lightly wounded.
Your shadow mimicks your spell!
The shadow shard hits the trapdoor spider.
The trapdoor spider bites you!!
You die...

####################
..#)#)#.....#.§§§§§+
#.)#.##)###.#.§§@s§#
.#.#.##.#).##.§§§§§#
.#..#..##.)'%.§§...#
▓▓▓▓▓▓▓▓▓▓▓#.......#
#.......# +.......#
#.......# ##+######


You could see a trapdoor spider.

Vanquished Creatures
  Erolcha (D)
  A deep elf priest (D)
  A trapdoor spider (D)
  A shadow (D)
  A redback (D)
  2 hill giants (D)
  A spatial vortex (D)
  A necrophage (D)
  3 two-headed ogres (D)
  A water elemental (D)
  A scorpion (D)
  A jelly (D)
  A wizard (D)
  A necromancer (D)
  3 humans (D)
  A kobold demonologist (D)
  2 oozes (D)
  2 rats (D)
25 creatures vanquished.

Vanquished Creatures (others)
  2 draconian scorchers (D)
  2 yaktaurs (D)
  2 plants (D)
6 creatures vanquished.

Grand Total: 31 creatures vanquished

Notes
Turn   | Place    | Note
--------------------------------------------------------------
     0 | D        | Kidiri the Spriggan Enchanter began the quest for the Orb.
     0 | D        | Reached XP level 1. HP: 9/9 MP: 5/5
     7 | D        | Reached skill level 5 in Stealth
    10 | D        | Reached XP level 2. HP: 11/13 MP: 5/7
    14 | D        | Learned a level 2 spell: Ensorcelled Hibernation
   147 | D        | Killed a yaktaur
   179 | D        | Killed a white draconian scorcher
   378 | D        | Killed a white draconian scorcher
   550 | D        | Noticed a scorpion
   581 | D        | Reached skill level 5 in Dodging
   581 | D        | Reached skill level 6 in Stealth
   581 | D        | Reached XP level 3. HP: 13/16 MP: 1/9
   590 | D        | Learned a level 3 spell: Confuse
   594 | D        | Learned a level 3 spell: Tukima's Dance
   725 | D        | Killed a scorpion
   725 | D        | Reached skill level 7 in Stealth
   725 | D        | Reached skill level 5 in Spellcasting
   725 | D        | Reached skill level 1 in Ice Magic
   725 | D        | Reached XP level 4. HP: 21/21 MP: 8/12
   738 | D        | Killed a yaktaur
   748 | D        | Gained mutation: You are partially covered in rugged brown scales (AC +1, +3% HP). [potion of mutation]
   748 | D        | Gained mutation: You can spit weak poison. [potion of mutation]
   748 | D        | Gained mutation: You expend magic power (3 MP) to strengthen your wands. [potion of mutation]
   749 | D        | Gained mutation: Armour fits poorly on your strangely shaped body. [potion of mutation]
   749 | D        | Gained mutation: You are clumsy. (Dex -2) [potion of mutation]
   749 | D        | Gained mutation: You are frail (-10% HP). [potion of mutation]
   750 | D        | Gained mutation: Your system is resistant to poisons. [potion of mutation]
   750 | D        | Gained mutation: Your magical capacity is low (-10% MP). [potion of mutation]
   751 | D        | Lost mutation: Armour fits poorly on your strangely shaped body. [potion of cure mutation]
   751 | D        | Lost mutation: You can spit weak poison. [potion of cure mutation]
   751 | D        | Lost mutation: You expend magic power (3 MP) to strengthen your wands. [potion of cure mutation]
   751 | D        | Lost mutation: Your magical capacity is low (-10% MP). [potion of cure mutation]
   788 | D        | Noticed a water elemental
   791 | D        | Killed a water elemental
   791 | D        | Reached skill level 8 in Stealth
   791 | D        | Reached skill level 5 in Hexes
   791 | D        | Reached XP level 5. HP: 22/22 MP: 12/14
   804 | D        | Learned a level 3 spell: Dazzling Spray
   808 | D        | Noticed a jelly
   810 | D        | Noticed a shadow
   845 | D        | Killed a shadow
   845 | D        | Reached skill level 9 in Dodging
   845 | D        | Reached skill level 10 in Stealth
   845 | D        | Reached skill level 1 in Conjurations
   845 | D        | Reached XP level 6. HP: 23/26 MP: 0/17
  1015 | D        | Lost mutation: Your system is resistant to poisons. [potion of cure mutation]
  1015 | D        | Lost mutation: You are clumsy. (Dex -2) [potion of cure mutation]
  1015 | D        | Lost mutation: You are frail (-10% HP). [potion of cure mutation]
  1015 | D        | Lost mutation: You are partially covered in rugged brown scales (AC +1, +3% HP). [potion of cure mutation]
  1045 | D        | Killed a jelly
  1050 | D        | Found a stormy altar of Qazlal.
  1050 | D        | Noticed a spatial vortex
  1051 | D        | Found a sacrificial altar of Ru.
  1051 | D        | Found a burning altar of Makhleb.
  1051 | D        | Found a viscous altar of Jiyva.
  1051 | D        | Found a shimmering altar of Xom.
  1051 | D        | Found a shadowy altar of Dithmenos.
  1051 | D        | Found a sparkling altar of Nemelex Xobeh.
  1051 | D        | Found a corrupted altar of Lugonu.
  1051 | D        | Found an opulent altar of Gozag.
  1055 | D        | Became a worshipper of Dithmenos the Shadowed
  1057 | D        | Killed a spatial vortex
  1057 | D        | Reached skill level 5 in Short Blades
  1057 | D        | Reached skill level 11 in Stealth
  1057 | D        | Reached skill level 1 in Invocations
  1181 | D        | Found a radiant altar of Vehumet.
  1182 | D        | Found a deep blue altar of Sif Muna.
  1182 | D        | Found an ancient bone altar of Kikubaaqudgha.
  1182 | D        | Noticed a wizard
  1183 | D        | Killed a wizard
  1183 | D        | Reached skill level 10 in Dodging
  1204 | D        | Found a glowing silver altar of Zin.
  1205 | D        | Found a glowing golden altar of the Shining One.
  1205 | D        | Found a white marble altar of Elyvilon.
  1205 | D        | Noticed a deep elf priest
  1207 | D        | Killed a deep elf priest
  1207 | D        | Reached XP level 7. HP: 32/32 MP: 18/20
  1219 | D        | Found an iron altar of Okawaru.
  1220 | D        | Found a bloodstained altar of Trog.
  1220 | D        | Noticed a human
  1220 | D        | Noticed a human
  1222 | D        | Killed a human
  1222 | D        | Reached skill level 12 in Stealth
  1223 | D        | Killed a human
  1223 | D        | Acquired Dithmenos's first power
  1223 | D        | Reached XP level 8. HP: 36/36 MP: 20/22
  1284 | D        | Found a snail-covered altar of Cheibriados.
  1284 | D        | Noticed a necrophage
  1286 | D        | Noticed a necromancer
  1291 | D        | Killed a necrophage
  1291 | D        | Reached skill level 10 in Spellcasting
  1296 | D        | Killed a necromancer
  1297 | D        | Found a basalt altar of Yredelemnul.
  1297 | D        | Found a blossoming altar of Fedhas.
  1388 | D        | Noticed a two-headed ogre
  1388 | D        | Noticed a two-headed ogre
  1392 | D        | Killed a two-headed ogre
  1394 | D        | Killed a two-headed ogre
  1400 | D        | Noticed a two-headed ogre
  1401 | D        | Killed a two-headed ogre
  1401 | D        | Acquired Dithmenos's second power
  1401 | D        | Reached skill level 13 in Stealth
  1407 | D        | Noticed a hill giant
  1410 | D        | Killed a hill giant
  1416 | D        | Noticed a hill giant
  1416 | D        | Noticed Erolcha
  1418 | D        | Killed Erolcha
  1418 | D        | Reached skill level 14 in Stealth
  1418 | D        | Reached skill level 5 in Ice Magic
  1418 | D        | Reached XP level 9. HP: 39/39 MP: 22/25
  1419 | D        | Killed a hill giant
  1437 | D        | Noticed a redback
  1442 | D        | Killed a redback
  1442 | D        | Acquired Dithmenos's third power
  1447 | D        | Noticed a trapdoor spider
  1449 | D        | Killed a trapdoor spider
  1490 | D        | Noticed a trapdoor spider
  1497 | D        | Slain by a trapdoor spider

Vault maps used:
D:        dungeon_sprint_mu

Action                   |  1- 3 |  4- 6 |  7- 9 || total
-------------------------+-------+-------+-------++-------
Melee: Dagger            |    22 |    19 |    17 ||    58
 Cast: Ensorcelled Hiber |     9 |     1 |     9 ||    19
       Corona            |     1 |       |       ||     1
       Dazzling Spray    |       |     5 |     1 ||     6
       Confuse           |       |       |     5 ||     5
  Use: Potion            |       |     6 |     1 ||     7
       Scroll            |       |     2 |       ||     2
 Stab: Sleeping          |     4 |     6 |    11 ||    21
       Confused          |       |       |     1 ||     1
